 Dungeon Crawl Stone Soup version 0.25-a0-253-g6f1b5d974a (webtiles) character file.

Game seed: 10975885096420423733, levelgen mode: deterministic

66 RedPan the Firebug (level 3, -1/26 HPs)
             Began as a Draconian Fire Elementalist on Dec 5, 2019.
             Slain by Sigmund
             ... wielding a +0 scythe
              (13 damage)
             ... on level 2 of the Dungeon.
             The game lasted 00:04:50 (1695 turns).

RedPan the Firebug (Draconian Fire Elementalist)    Turns: 1695, Time: 00:04:51

Health: -1/26      AC:  5    Str: 10    XL:     3   Next: 96%
Magic:  2/7        EV: 12    Int: 16    God:
Gold:   73         SH:  0    Dex: 11    Spells: 3/7 levels left

rFire    . . .     SeeInvis .   f - +0 dagger
rCold    . . .     Gourm    .   (no shield)
rNeg     . . .     Faith    .   (armour unavailable)
rPois    .         Spirit   .   (helmet restricted)
rElec    .         Reflect  .   (no cloak)
rCorr    .         Harm     .   (no gloves)
MR       .....                  (no boots)
Stlth    ++........             (no amulet)
HPRegen  0.08/turn              (no ring)
MPRegen  0.10/turn              (no ring)

@: very slightly contaminated
A: unfitting armour, cold-blooded, AC +5
a: no special abilities


You were on level 2 of the Dungeon.
You were not hungry.

You visited 1 branch of the dungeon, and saw 2 of its levels.

You collected 73 gold pieces.

Inventory:

Hand Weapons
 f - a +0 dagger (weapon)
Scrolls
 h - 2 scrolls of remove curse {unknown}
 i - 2 scrolls of teleportation
 k - a scroll of identify {unknown}
Potions
 a - a potion of curing {unknown}
 c - 2 potions of agility {unknown}
 d - a potion of degeneration {unknown}
 e - a potion of berserk rage {unknown}
 g - a potion of heal wounds {unknown}
 l - a potion of haste {unknown}
Comestibles
 b - 7 rations


   Skills:
 - Level 2.0 Dodging
 - Level 2.0 Stealth
 + Level 2.7 Spellcasting
 + Level 2.1 Conjurations
 + Level 3.6 Fire Magic


You had 3 spell levels left.
You knew the following spells:

 Your Spells              Type           Power        Failure   Level  Hunger
a - Foxfire               Conj/Fire      ##..         6%          1    #......
b - Conjure Flame         Conj/Fire      ##......     19%         3    ###....

Your spell library contained the following spells:

 Spells                   Type           Power        Failure   Level  Hunger
 Inner Flame              Hex/Fire       #.......     26%         3    ###....
 Sticky Flame             Conj/Fire      ##......     52%         4    #####..
 Fireball                 Conj/Fire      ##........   86%         5    ######.


Dungeon Overview and Level Annotations

Branches:
Dungeon (2/15)

Altars:
Elyvilon

Annotations:
D:2 Sigmund


Innate Abilities, Weirdness & Mutations

Your plain brown scales are hard. (AC +5)
You cannot fit into any form of body armour.
You are cold-blooded and may be slowed by cold attacks.


Message History

You are very lightly contaminated with residual magic.
Nothing appears to happen.
The foxfire hits Sigmund.
Sigmund is lightly wounded.
The foxfire hits Sigmund but does no damage.
Sigmund is lightly wounded.
Sigmund hits you from afar with a +0 scythe!
Ouch! That really hurt!
Found a stone staircase leading up.
Casting: Foxfire (safe; 6% risk of failure)
Confirm with . or Enter, or press ? or * to list all spells.
You conjure some foxfire!
Casting: Foxfire (safe; 6% risk of failure)
Confirm with . or Enter, or press ? or * to list all spells.
You conjure some foxfire!
The foxfire hits Sigmund.
Sigmund is moderately wounded.
The foxfire hits Sigmund.
Sigmund is heavily wounded.
Sigmund hits you from afar with a +0 scythe!
Ouch! That really hurt!
You die...

........##..... ........#......
..>........... ### ##.
<............ ######.. .....
#........... #....... ..§..#
....@...... #.......
....§.####.v....... #.....#. ....
......#...v@§...... #.....#. ...#
..........###.....r #....... ...#
..........# ..... #.....#. ...#
..........# ..... #....... ...#
..........# #...... #....... ...#
..........# #...... #......# ...#
..........# #...... #.....##
...#+#.........###...#########...
...................#.............


You could see Sigmund and a rat.

Vanquished Creatures
  2 adders (D:2)
  2 leopard geckos (D:1)
  A ball python (D:1)
  5 bats
  3 giant cockroaches
  7 goblins
  4 hobgoblins (D:1)
  4 jackals (D:1)
  4 kobolds (D:1)
  2 quokkas (D:2)
  3 frilled lizards
  4 rats
41 creatures vanquished.

Vanquished Creatures (others)
  69 foxfires
69 creatures vanquished.

Grand Total: 110 creatures vanquished

Notes
Turn   | Place    | Note
-------+----------+-------------------------------------------
     0 | D:1      | RedPan the Draconian Fire Elementalist began the quest for
                  | the Orb.
     0 | D:1      | Reached XP level 1. HP: 14/14 MP: 3/3
   290 | D:1      | Reached XP level 2. HP: 20/20 MP: 1/5
   730 | D:1      | Reached XP level 3. HP: 19/26 MP: 2/6
   944 | D:1      | Learned a level 3 spell: Conjure Flame
  1326 | D:2      | Found a white marble altar of Elyvilon.
  1689 | D:2      | Noticed Sigmund
  1695 | D:2      | Slain by Sigmund

Levels and vault maps discovered:
D:1:      enne_arrival_octagon_isle, layout_basic
D:2:      layout_basic, elyvilon_altar_5, first_ration, minmay_pentomino_x2,
          uniq_sigmund

Skill      XL: |  1  2  3 |
---------------+----------+-----
Stealth        | 2 |  2.0
Dodging        | 2 |  2.0
Conjurations   | 2 |  2.1
Spellcasting   | |  2.7
Fire Magic     | |  3.6

Action                   || total
-------------------------++-------
Melee: Unarmed           ||    15
       Club              ||    37
       Tailslap          ||    10
       Dagger            ||    32
 Cast: Foxfire           ||    43
  Use: Scroll            ||     1
 Stab: Sleeping          ||     1
  Eat: Chunk             ||     3
Armor: Skin              ||    34
Dodge: Dodged            ||    76

Table legend:
 A = Non-vault XP
 B = Vault XP
 C = Vault XP percentage of total XP
 D = Non-vault monster count
 E = Vault monster count
 F = Vault count percentage of total count
                 A         B        C        D         E       F
            +---------+---------+-------+---------+---------+-------
      Total |      93 |       2 |   2.1 |      40 |       1 |   2.4
            +---------+---------+-------+---------+---------+-------
        D:1 |      48 |       0 |   0.0 |      26 |       0 |   0.0
        D:2 |      45 |       2 |   4.3 |      14 |       1 |   6.7
            +---------+---------+-------+---------+---------+-------
